 Dungeon Crawl Stone Soup version 0.28.0-45-g0d030f2227 (webtiles) character file.

Game seed: 107894921995335426

58863 Faeu the Fighter (level 14, -1/132 HPs)
             Began as a Minotaur Fighter on Apr 5, 2022.
             Was the Champion of Wu Jian.
             Slain by an orc warrior
             ... wielding a +0 vorpal trident
             ... led by an orc warlord
              (4 damage)
             ... on level 2 of the Orcish Mines on Apr 6, 2022.
             The game lasted 02:35:00 (24265 turns).

Faeu the Fighter (Minotaur Fighter)                Turns: 24265, Time: 02:35:01

Health: -1/132     AC: 23    Str: 26    XL:     14   Next: 51%
Magic:  13/13      EV: 13    Int:  5    God:    Wu Jian [******]
Gold:   1269       SH: 12    Dex: 16    Spells: 13/13 levels left

rFire   . . .      SeeInvis .   J - +7 hand axe {axe}
rCold   + + .      Faith    .   c - +0 buckler
rNeg    . . .      Spirit   .   K - +2 plate armour {rC+}
rPois   .          Reflect  +   (helmet restricted)
rElec   .          Harm     .   j - +2 cloak
rCorr   .          Rampage  .   (no gloves)
Will    +....                   m - +0 pair of boots
Stlth   ..........              l - amulet of reflection
HPRegen 0.32/turn               I - +6 ring of dexterity
MPRegen 0.13/turn               g - ring of protection from cold

@: no status effects
A: horns 2, retaliatory headbutt
a: Renounce Religion, Wall Jump, Serpent's Lash, Heavenly Storm


You were on level 2 of the Orcish Mines.
You worshipped Wu Jian.
Wu Jian was exalted by your worship.
You visited 6 branches of the dungeon, and saw 23 of its levels.
You also visited: Bailey.

You collected 1269 gold pieces.


Innate Abilities, Weirdness & Mutations

You have a pair of horns on your head.
You reflexively headbutt those who attack you in melee.


   Skills:
 + Level 14.1 Fighting
 + Level 13.8 Axes
 + Level 9.0 Throwing
 + Level 14.0 Armour
 + Level 12.5 Dodging
 + Level 11.5 Shields


You had 13 spell levels left.
You didn't know any spells.
Your spell library contained the following spells:

 Spells                   Type           Power      Damage    Failure   Level
 Beastly Appendage        Tmut           0%         N/A       99%         1
 Summon Small Mammal      Summ           0%         N/A       99%         1
 Blink                    Tloc           0%         N/A       100%        2
 Ensorcelled Hibernation  Hex/Ice        0%         N/A       100%        2
 Passwall                 Tmut/Erth      0%         N/A       100%        2
 Static Discharge         Conj/Air       0%         N/A       100%        2
 Sublimation of Blood     Necr           0%         N/A       100%        2
 Wereblood                Tmut           0%         N/A       100%        2
 Call Canine Familiar     Summ           0%         N/A       100%        3
 Conjure Flame            Conj/Fire      0%         6-21      100%        3
 Ignite Poison            Fire/Tmut/Pois 0%         N/A       100%        3
 Lesser Beckoning         Tloc           0%         N/A       100%        3
 Spider Form              Tmut/Pois      0%         N/A       100%        3
 Stone Arrow              Conj/Erth      0%         3d7       100%        3
 Summon Guardian Golem    Hex/Summ       0%         N/A       100%        3
 Swiftness                Air            0%         N/A       100%        3
 Animate Armour           Summ/Erth      0%         N/A       100%        4
 Dispel Undead            Necr           0%         3d6       100%        4
 Olgreb's Toxic Radiance  Pois           0%         N/A       100%        4
 Petrify                  Tmut/Erth      0%         N/A       100%        4
 Sticky Flame             Conj/Fire      0%         2d3       100%        4
 Irradiate                Conj/Tmut      0%         3d13      100%        5
 Manifold Assault         Tloc           0%         N/A       100%        5
 Metabolic Englaciation   Hex/Ice        0%         N/A       100%        5
 Dispersal                Tloc           0%         N/A       100%        6
 Statue Form              Tmut/Erth      0%         N/A       100%        6
 Ozocubu's Refrigeration  Ice            0%         4d5       100%        7
 Summon Hydra             Summ           0%         N/A       100%        7
 Disjunction              Tloc           0%         N/A       100%        8
 Ignition                 Fire           0%         3d3       100%        8
 Lehudib's Crystal Spear  Conj/Erth      0%         10d2      100%        8

Inventory:

Hand Weapons
 e - a +1 hand axe of freezing {axe}
   (You took it off an orc on level 2 of the Orcish Mines)
 n - a +0 scimitar of flaming {long}
   (You took it off Maggie on level 10 of the Dungeon)
 B - a +2 demon whip of venom {mace}
   (You found it on level 6 of the Dungeon)
 E - a +4 spear {polearm}
   (You took it off a wight on level 6 of the Dungeon)
 J - a +7 hand axe (weapon) {axe}
   (You took it off a wight on level 8 of the Dungeon)
 L - a +0 battleaxe {axe}
   (You took it off a wight on level 8 of the Dungeon)
 O - the +1 falchion of Bioj {freeze, rPois rC- Will+, long}
   (You found it on level 8 of the Dungeon)

   It freezes those it strikes, dealing additional cold damage.
   It can also slow down cold-blooded creatures.
   rC:        It makes you vulnerable to cold.
   rPois:     It protects you from poison.
   Will:      It increases your willpower.
 X - a +0 falchion of holy wrath {long}
   (You found it on level 4 of the Lair of Beasts)
Missiles
 a - 4 boomerangs (quivered) {throwing}
 w - 3 throwing nets {=f!fthrowing}
 C - 8 javelins {throwing}
 U - 3 silver boomerangs {throwing}
 W - 6 poisoned darts {throwing}
Armour
 c - a +0 buckler (worn)
 j - a +2 cloak (worn)
   (You found it on level 10 of the Dungeon)
 m - a +0 pair of boots (worn)
   (You found it on level 3 of the Dungeon)
 u - +0 swamp dragon scales
   (You took it off Maggie on level 10 of the Dungeon)
 v - the +4 scale mail "Ymeos" {Regen+}
   (You found it on level 5 of the Dungeon)

   Regen:     It increases your rate of health regeneration.
 K - a +2 plate armour of cold resistance (worn)
   (You took it off an orc warrior on level 1 of the Orcish Mines)
 P - a +2 ring mail of fire resistance
   (You took it off an orc on level 2 of the Orcish Mines)
Jewellery
 b - the ring of the Thoughtful Wonders {+Blink rC+ Int+5 Slay-5}
   (You found it on level 11 of the Dungeon)

   [ring of protection from cold]

   Int:       It affects your intelligence (+5).
   Slay:      It affects your accuracy & damage with ranged weapons and melee
   (-5).
   rC:        It protects you from cold.
   +Blink:    It lets you blink.
 g - a ring of protection from cold (right hand)
   (You found it on level 3 of the Lair of Beasts)
 l - an amulet of reflection (around neck)
   (You found it on level 3 of the Lair of Beasts)
 D - a ring of flight
   (You found it on level 6 of the Dungeon)
 I - a +6 ring of dexterity (left hand)
   (You found it on level 7 of the Dungeon)
Wands
 k - a wand of iceblast (19)
   (You found it on level 2 of the Dungeon)
 t - a wand of polymorph (10)
   (You found it on level 5 of the Dungeon)
 A - a wand of flame (75)
   (You found it on level 6 of the Dungeon)
 V - a wand of charming (10)
   (You found it on level 4 of the Lair of Beasts)
 Y - a wand of acid (14)
   (You found it on level 5 of the Lair of Beasts)
 Z - a wand of paralysis (5)
   (You found it on level 5 of the Lair of Beasts)
Scrolls
 h - 4 scrolls of blinking {!r}
 o - 3 scrolls of fog
 x - a scroll of torment {!r}
 F - 2 scrolls of summoning
 M - a scroll of noise {!r}
 Q - 2 scrolls of identify {@r1}
 R - a scroll of amnesia
 T - 2 scrolls of magic mapping {!r}
Potions
 d - 4 potions of might
 f - 3 potions of curing {@q1}
 i - 3 potions of invisibility
 p - 3 potions of flight
 q - a potion of heal wounds {unknown}
 z - 4 potions of attraction {!q}
 G - a potion of cancellation
 H - 5 potions of mutation {!q}
 N - a potion of ambrosia
 S - a potion of brilliance
Miscellaneous
 r - a box of beasts
   (You found it on level 6 of the Lair of Beasts)
 y - a tin of tremorstones (2/2) {throwing}
   (You found it on level 6 of the Lair of Beasts)

Dungeon Overview and Level Annotations

Branches:
Dungeon (12/15)            Temple (1/1) D:4            Lair (6/6) D:10
 Shoals (0/4) Lair:3       Spider (1/4) Lair:2        Slime (1/5) Lair:5
    Orc (2/2) D:10            Elf (0/3) Orc:2        Bailey (visited)

Altars:
Ashenzari
Dithmenos
Elyvilon
Fedhas
Gozag
Nemelex Xobeh
Okawaru
Ru
Vehumet
Wu Jian
Xom
Yredelemnul
Zin
The Shining One

Shops:
D:8 :   Orc:2 [*

Annotations:
D:6 2 runed translucent doors
D:12 Snorg

...)............∩###
...)...........#.#.##
.........)......<...#
..#............#)#..##
................8[...#
....................##
..#...........oo....##
.#...o......#o#oo)...## ##
...........#...#@#....### ..#
#.......oo..#.####......#####.##
##......##.#### ##.#....#.....#
##...#.#### #...#.>#......#
##.....## ##.#...##..#.##
##.....## ###..........#
##.....# ###........## ##...##
##...........# ##.##
#...........##


You could see 3 orc warriors and an orc (strong).


Message History

You take 7 damage, and now have 82/132 hp.
You slash the orc warlord!
You hit the orc warrior but do no damage.
You slash the ogre!
The orc warlord hits you with a +2 great mace!!
* * * LOW HITPOINT WARNING * * *
The orc warrior hits you from afar with a +0 halberd!
* * * LOW HITPOINT WARNING * * *
You block the ogre's attack.
The orc hits you but does no damage. 😨 HP[-34]
You take 34 damage, and now have 48/132 hp.
MASSIVE DAMAGE!! (PAUSE)
You feel better. You block the orc warrior's attack.
The orc warlord hits you but does no damage.
You block the orc warrior's attack. The orc misses you. 😨 HP[+9]
You regained 9 hp, and now have 57/132 hp.
You slash the orc warlord! You headbutt the orc warlord!
You closely miss the orc warrior. You slash the ogre!
You block the ogre's attack. The orc warrior barely misses you.
The orc warlord hits you with a +2 great mace.
* * * LOW HITPOINT WARNING * * *
You block the orc warrior's attack. 😨 HP[-6]
You take 6 damage, and now have 51/132 hp.
You hit the orc warlord.
You hit the orc warrior but do no damage.
You slash the ogre!
You kill the ogre!
The Council accepts your kill.
The orc no longer looks unusually strong.
The orc barely misses you. 😨 HP[+1]
You slash the orc warlord! You headbutt the orc warlord! You slash the orc!
You kill the orc!
The Council accepts your kill.
You hit the orc warrior. You block the orc warrior's attack.
The orc warrior closely misses you.
The orc warlord roars a battlecry!
The orc goes into a battle-frenzy!
You slash the orc warlord!
You kill the orc warlord!
The Council accepts your kill.
You hit the orc warrior. You block the orc's attack.
An orc warrior comes into view. It is wielding a +0 vorpal trident.
The orc warrior hits you with a +2 hand axe of freezing!
* * * LOW HITPOINT WARNING * * *
The orc warrior closely misses you. 😨 HP[-11]
You take 11 damage, and now have 41/132 hp.
You closely miss the orc warrior. Your headbutt misses the orc warrior.
You slash the orc warrior! You hit the orc. The orc closely misses you.
You block the orc's attack. You block the orc warrior's attack.
You hit the orc warrior but do no damage.
You headbutt the orc warrior! You slash the orc warrior! You slash the orc!
You kill the orc!
The Council accepts your kill.
The orc warrior hits you with a +2 hand axe of freezing!
* * * LOW HITPOINT WARNING * * *
The orc warrior freezes you.
* * * LOW HITPOINT WARNING * * *
The orc warrior barely misses you. 😱 HP[-13]
You take 13 damage, and now have 28/132 hp.
You closely miss the orc warrior.
You hit the orc warrior but do no damage.
The orc hits you from afar with a +0 trident!
* * * LOW HITPOINT WARNING * * *
The orc warrior misses you. You furiously retaliate!
You headbutt the orc warrior, but do no damage.
You block the orc warrior's attack. 😱 HP[-8]
You take 8 damage, and now have 20/132 hp.
You closely miss the orc warrior.
You hit the orc warrior but do no damage.
You block the orc's attack.
You hit the orc warrior. Your headbutt misses the orc warrior.
You slash the orc warrior!
You kill the orc warrior!
The Council accepts your kill. You block the orc warrior's attack.
You hit the orc warrior but do no damage.
You slash the orc!
You kill the orc!
The Council accepts your kill.
The orc hits you from afar with a +0 trident.
* * * LOW HITPOINT WARNING * * *
You block the orc warrior's attack.
The orc warrior hits you but does no damage. 😱 HP[-4]
You take 4 damage, and now have 16/132 hp.
You slash the orc warrior! Your headbutt misses the orc warrior.
The orc warrior no longer looks unusually strong.
The orc closely misses you. 😱 HP[+1]
You hit the orc warrior but do no damage.
You closely miss the orc warrior.
The orc warrior hits you with a +0 vorpal trident!
* * * LOW HITPOINT WARNING * * *
You die...

Skill      XL: |  1  2  3  4  5  6  7  8  9 10 11 12 13 14 |
---------------+-------------------------------------------+-----
Fighting       | 4 5 6 8 9 10 11 12 13 14 | 14.1
Armour         | 4 5 6 8 9 10 11 12 13 14 | 14.0
Dodging        | 1 2 3 4 6 7 8 9 10 11 12 | 12.5
Axes           | 3 4 5 6 7 8 10 11 12 13 | 13.8
Shields        | 6 7 9 10 11 | 11.5
Throwing       | 3 5 6 8 9 |  9.0

Action                   |  1- 3 |  4- 6 |  7- 9 | 10-12 | 13-15 || total
-------------------------+-------+-------+-------+-------+-------++-------
Melee: War axe           |    70 |    83 |   143 |       |       ||   296
       Headbutt          |     7 |    16 |    57 |   189 |   229 ||   498
       Spear             |       |       |    84 |       |       ||    84
       Hand axe          |       |       |    24 |   794 |   763 ||  1581
       Scimitar          |       |       |       |    14 |    54 ||    68
       Falchion          |       |       |       |    11 |       ||    11
Throw: Dart              |       |       |     2 |    27 |     5 ||    34
       Javelin           |       |       |       |     2 |       ||     2
       Boomerang         |       |       |       |    28 |    26 ||    54
Invok: Lunge             |       |       |     9 |    20 |    30 ||    59
       Whirlwind         |       |       |     5 |    25 |    32 ||    62
Evoke: Wand              |       |       |       |     7 |     4 ||    11
  Use: Potion            |       |       |       |     6 |     1 ||     7
       Scroll            |       |       |       |    23 |     4 ||    27
 Stab: Distracted        |       |       |       |     1 |       ||     1
       Petrified         |       |       |       |     9 |       ||     9
       Invisible         |       |       |       |     8 |       ||     8
       Petrifying        |       |       |       |     2 |       ||     2
Armor: Scale mail        |    27 |    35 |   100 |   116 |       ||   278
       Skin              |       |       |       |     7 |       ||     7
       Plate armour      |       |       |       |   165 |   227 ||   392
Dodge: Dodged            |    27 |    46 |   133 |   382 |   248 ||   836
Block: Buckler           |    13 |    13 |    44 |   265 |   391 ||   726
       Reflection        |       |       |       |     3 |     5 ||     8

Levels and vault maps discovered:
D:1:      psy_arrival_radial02, layout_basic, shapermc_ecumenical_altar_gd,
          minmay_misc_feat_ornament
D:2:      layout_rooms, minmay_lizard_pond, uniq_sigmund
D:3:      layout_basic, mainiacjoe_overflow_boulevard, serial_aquarium,
          aquarium_bridge_square [aquarium_subvault_bridge,
          aquarium_subvault_bridge, aquarium_subvault_bridge,
          aquarium_subvault_balcony], aquarium_bridge_square
          [aquarium_subvault_wall, aquarium_subvault_bridge,
          aquarium_subvault_bridge, aquarium_subvault_bridge],
          aquarium_window_fake, aquarium_window_2, aquarium_window_corridor_1,
          aquarium_view_2d, aquarium_view_2c, aquarium_balcony_double_1,
          aquarium_pool_S, minmay_liquid_box
D:4:      layout_loops_ring, nicolae_overflow_squiral,
          minmay_temple_entry_large_hall, uniq_eustachio
D:5:      layout_cave_pools, nicolae_tso_swordbearing_angel,
          minmay_misc_feat_plants, nicolae_figureground_sparkle, uniq_edmund
D:6:      lemuel_insect_pit, layout_loops_ring, st_stairs_11, chequers_avenue,
          uniq_menkaure
D:7:      layout_loops_ring
D:8:      layout_loops_ring, serial_shops, shop
D:9:      layout_roguey, fedhas_altar_3, enter_bailey_4, serial_curves,
          eino_curves_02, eino_curves_03
D:10:     layout_small_grid, lair_entry_dummy, orc_0_dummy,
          lightli_corner_chamber, uniq_maggie
D:11:     layout_basic
D:12:     layout_big_octagon, serial_ice, serial_ice_n, serial_ice_d,
          serial_ice_e, serial_ice_a, chei_slow_surprise, uniq_snorg
Temple:   minmay_crystal_spiral_temple
Lair:1:   layout_hall_layers, uniq_joseph
Lair:2:   layout_cave_pods, spider_nest_entry_webs,
          portal_ice_cave_entry_pillars_2
Lair:3:   layout_gridlike, elwin_shoals_entry_stream, beast_lair_carwin_5,
          grunt_megastairs_1, lemuel_fruit_fields
Lair:4:   layout_regular_city
Lair:5:   layout_cave_pods, minmay_slime_entry_pillars,
          infiniplex_staircase_pool
Lair:6:   minmay_lair_end_frog_pond, layout_regular_city,
          chequers_serial_rivers_large_b
Spider:1: layout_chambers, uniq_jorgrun, uniq_josephine
Slime:1:  layout_caves
Orc:1:    layout_caves
Orc:2:    pf_orc_diabolical, layout_caves, serial_shops, shop, shop_statue,
          shop, uniq_azrael

Notes
Turn   | Place    | Note
-------+----------+-------------------------------------------
     0 | D:1      | Faeu the Minotaur Fighter began the quest for the Orb.
     0 | D:1      | Reached XP level 1. HP: 19/19 MP: 0/0
     0 | D:1      | magus.rc [v1.9.6]
   203 | D:1      | Reached XP level 2. HP: 27/27 MP: 1/1
   545 | D:1      | Found a faded altar of an unknown god.
   589 | D:1      | Reached skill level 4 in Fighting
   589 | D:1      | Reached skill level 4 in Armour
   589 | D:1      | Reached skill level 1 in Dodging
   833 | D:1      | Reached skill level 3 in Axes
   833 | D:1      | Reached XP level 3. HP: 18/33 MP: 2/2
  1146 | D:2      | Noticed Sigmund
  1623 | D:2      | Killed Sigmund
  1624 | D:2      | Reached skill level 4 in Axes
  1624 | D:2      | Reached skill level 2 in Dodging
  1624 | D:2      | Reached XP level 4. HP: 32/41 MP: 3/3
  1624 | D:2      | Reached XP level 5. HP: 37/47 MP: 4/4
  1829 | D:2      | Reached skill level 5 in Fighting
  1922 | D:3      | Reached skill level 5 in Armour
  1931 | D:3      | Reached skill level 3 in Dodging
  1968 | D:3      | Reached XP level 6. HP: 49/56 MP: 5/5
  2627 | D:3      | Found a basalt altar of Yredelemnul.
  2925 | D:4      | Found a staircase to the Ecumenical Temple.
  2981 | Temple   | Entered the Ecumenical Temple
  3188 | D:4      | Found a shimmering altar of Xom.
  3190 | D:4      | Found a broken altar of Ashenzari.
  3206 | D:4      | Reached skill level 5 in Axes
  3206 | D:4      | Reached XP level 7. HP: 46/62 MP: 6/6
  3299 | D:4      | You pick up a book of Changes and begin reading...
  3299 | D:4      | You add the spells Beastly Appendage, Wereblood and Spider
                  | Form to your library.
  3331 | D:4      | Reached skill level 4 in Dodging
  3438 | D:4      | Reached skill level 6 in Fighting
  3438 | D:4      | Reached skill level 6 in Armour
  3860 | D:4      | Noticed Eustachio
  3881 | D:4      | Killed Eustachio
  4102 | Temple   | Became a worshipper of the Wu Jian Council
  4171 | D:5      | Entered Level 5 of the Dungeon
  4469 | D:5      | Identified the +4 scale mail "Ymeos" {Regen+}
  4534 | D:5      | Reached skill level 6 in Axes
  4534 | D:5      | Reached XP level 8. HP: 68/71 MP: 7/7
  4647 | D:5      | Reached skill level 5 in Dodging
  4839 | D:5      | Noticed Edmund
  4851 | D:5      | Killed Edmund
  4852 | D:5      | Reached skill level 7 in Fighting
  4942 | D:5      | Found a glowing golden altar of the Shining One.
  5142 | D:6      | Noticed Menkaure
  5147 | D:6      | Killed Menkaure
  5148 | D:6      | Reached skill level 7 in Armour
  5370 | D:6      | Reached skill level 7 in Axes
  5451 | D:6      | Reached skill level 6 in Dodging
  5483 | D:6      | Reached skill level 8 in Fighting
  5483 | D:6      | Reached skill level 8 in Armour
  5483 | D:6      | Reached XP level 9. HP: 69/81 MP: 8/8
  5577 | D:6      | Reached * piety under Wu Jian
  5608 | D:6      | Found a runed translucent door.
  5611 | D:6      | Found a runed translucent door.
  6318 | D:7      | Reached skill level 8 in Axes
  6318 | D:7      | Reached skill level 7 in Dodging
  6672 | D:8      | Found Yrphexaedd's Book Boutique.
  6776 | D:8      | Reached skill level 9 in Fighting
  6840 | D:8      | Killed an unseen horror
  6841 | D:8      | Reached skill level 9 in Armour
  6939 | D:8      | You pick up a book of Burglary and begin reading...
  6939 | D:8      | You add the spells Passwall, Ensorcelled Hibernation and
                  | Swiftness to your library.
  7001 | D:8      | You pick up a book of Sloth and begin reading...
  7001 | D:8      | You add the spells Petrify, Metabolic Englaciation and
                  | Statue Form to your library.
  7353 | D:8      | Identified the +1 falchion of Bioj {freeze, rPois rC-
                  | Will+}
  7619 | D:9      | Identified the +1 scale mail of the Fisher {Dex+5}
  7654 | D:9      | Found a blossoming altar of Fedhas.
  7684 | D:9      | Reached XP level 10. HP: 74/91 MP: 9/9
  7689 | D:9      | Reached skill level 9 in Axes
  7689 | D:9      | Reached skill level 4 in Shields
  7697 | D:9      | Reached skill level 1 in Throwing
  7717 | D:9      | Reached skill level 8 in Dodging
  7746 | D:9      | Reached ** piety under Wu Jian
  7875 | D:9      | Found a flagged portal.
  7912 | Bailey   | Entered a bailey
  7937 | Bailey   | Noticed an orc knight
  7958 | Bailey   | HP: 8/92 [orc knight/+0 war axe (19)]
  7960 | Bailey   | Killed an orc knight
  7961 | Bailey   | Reached skill level 2 in Throwing
  7965 | Bailey   | HP: 10/93 [orc warrior/+0 war axe (5)]
  8069 | Bailey   | Noticed an orc knight
  8085 | Bailey   | Killed an orc knight
  8086 | Bailey   | Reached skill level 10 in Fighting
  8086 | Bailey   | Reached skill level 5 in Shields
  8096 | Bailey   | Noticed an orc sorcerer
  8096 | Bailey   | HP: 4/88 [orc sorcerer/bolt of negative energy (33)]
  8103 | Bailey   | HP: 29/132 [orc sorcerer/+0 war axe (1)]
  8108 | Bailey   | HP: 23/130 [orc sorcerer/bolt of negative energy (4)]
  8111 | Bailey   | Killed an orc sorcerer
  8112 | Bailey   | Reached skill level 10 in Armour
  8270 | Bailey   | Found an iron altar of Okawaru.
  8270 | Bailey   | Noticed an orc high priest
  8299 | Bailey   | Noticed a sixfirhy
  8322 | D:9      | HP: 34/139 [orc warrior/+0 glaive (5)]
  8324 | D:9      | Reached skill level 3 in Throwing
  8465 | D:9      | You pick up a book of Callings and begin reading...
  8465 | D:9      | You add the spells Summon Small Mammal, Call Canine
                  | Familiar and Summon Guardian Golem to your library.
  8860 | D:10     | Entered Level 10 of the Dungeon
  8907 | D:10     | Noticed a soul eater
  8909 | D:10     | Noticed a sun demon
  9010 | D:10     | Noticed a two-headed ogre
  9034 | D:10     | Killed a two-headed ogre
  9035 | D:10     | Reached skill level 10 in Axes
  9035 | D:10     | Reached skill level 6 in Shields
  9035 | D:10     | Reached XP level 11. HP: 91/101 MP: 10/10
  9134 | D:10     | Noticed Maggie
  9151 | D:10     | Killed Maggie
  9159 | D:10     | Reached skill level 9 in Dodging
  9265 | D:10     | Found a staircase to the Orcish Mines.
  9267 | D:10     | Reached *** piety under Wu Jian
  9267 | D:10     | Noticed a two-headed ogre
  9283 | D:10     | Killed a two-headed ogre
  9284 | D:10     | Reached skill level 4 in Throwing
  9470 | D:10     | Noticed an ogre mage
  9470 | D:10     | Noticed a two-headed ogre
  9604 | D:10     | Found a staircase to the Lair.
  9972 | D:11     | Noticed a boulder beetle
 10022 | D:11     | HP: 19/101 [boulder beetle (13)]
 10024 | D:11     | HP: 9/101 [boulder beetle (12)]
 10025 | D:11     | Killed a boulder beetle
 10137 | D:11     | Reached skill level 7 in Shields
 10164 | D:11     | Noticed a two-headed ogre
 10174 | D:11     | Killed a two-headed ogre
 10175 | D:11     | Reached skill level 11 in Fighting
 10350 | D:11     | Identified the ring of the Thoughtful Wonders {+Blink rC+
                  | Int+5 Slay-5}
 10407 | D:11     | Noticed a boulder beetle
 10464 | D:11     | Killed a boulder beetle
 10465 | D:11     | Reached skill level 11 in Armour
 10682 | D:12     | You pick up a book of Spatial Translocations and begin
                  | reading...
 10682 | D:12     | You add the spells Blink, Lesser Beckoning and Manifold
                  | Assault to your library.
 10709 | D:12     | Noticed a boulder beetle
 10776 | D:12     | Noticed Snorg
 10778 | D:12     | Noticed a centaur warrior
 11012 | Lair:1   | Entered Level 1 of the Lair of Beasts
 11022 | Lair:1   | Reached skill level 5 in Throwing
 11121 | Lair:1   | Noticed Joseph
 11121 | Lair:1   | Noticed a six-headed hydra
 11204 | Lair:1   | HP: 25/102 [four-headed hydra (2)]
 11206 | Lair:1   | Killed a two-headed hydra
 11359 | Lair:1   | Killed Joseph
 11570 | Lair:2   | Reached skill level 11 in Axes
 11879 | Lair:1   | Reached XP level 12. HP: 91/110 MP: 11/11
 11892 | Lair:1   | Reached skill level 10 in Dodging
 12138 | Lair:1   | Reached skill level 8 in Shields
 12697 | Lair:2   | Found a hole to the Spider Nest.
 12750 | Lair:2   | Reached **** piety under Wu Jian
 13014 | Lair:2   | Reached skill level 6 in Throwing
 13217 | Lair:2   | Noticed a five-headed hydra
 13229 | Lair:2   | Killed a one-headed hydra
 13690 | Lair:2   | Reached skill level 12 in Fighting
 13690 | Lair:2   | Reached skill level 12 in Armour
 13941 | Spider:1 | Entered Level 1 of the Spider Nest
 14300 | Spider:1 | Noticed a boulder beetle
 14320 | Spider:1 | Killed a boulder beetle
 14636 | Lair:3   | Reached skill level 9 in Shields
 14662 | Lair:2   | Reached skill level 12 in Axes
 14871 | Lair:3   | HP: 26/112 [poisoned by a cane toad]
 14875 | Lair:2   | HP: 11/112 [poisoned by a cane toad]
 14880 | Lair:2   | HP: 5/112 [poisoned by a cane toad]
 15418 | Lair:3   | HP: 21/112 [merfolk/+0 trident (9)]
 15447 | Lair:3   | HP: 27/112 [wolf (2)]
 15476 | Lair:3   | HP: 26/113 [cane toad (4)]
 15500 | Lair:3   | HP: 21/113 [rime drake/flash freeze (3)]
 15519 | Lair:3   | HP: 3/113 [rime drake/flash freeze (23)]
 15612 | Lair:3   | HP: 21/113 [merfolk/+0 trident (8)]
 16010 | Lair:3   | You add the spells Conjure Flame, Ignite Poison and Sticky
                  | Flame to your library.
 16016 | Lair:3   | Reached XP level 13. HP: 100/119 MP: 12/12
 16124 | Lair:3   | Reached skill level 11 in Dodging
 16266 | Lair:3   | Reached skill level 7 in Throwing
 16516 | Lair:3   | Found a staircase to the Shoals.
 16672 | Lair:3   | HP: 29/119 [poisoned by a cane toad]
 17744 | Lair:4   | Reached skill level 10 in Shields
 18094 | Lair:4   | Reached skill level 13 in Fighting
 18094 | Lair:4   | Reached skill level 13 in Armour
 18106 | Lair:4   | magus.rc [v1.9.6]
 18248 | Lair:4   | Reached ***** piety under Wu Jian
 19220 | Lair:5   | Reached skill level 13 in Axes
 19281 | Lair:5   | Found a staircase to the Slime Pits.
 19290 | Lair:5   | Reached skill level 8 in Throwing
 19510 | Lair:5   | You add the spells Olgreb's Toxic Radiance, Ozocubu's
                  | Refrigeration and Ignition to your library.
 19714 | Lair:5   | You pick up a book of the Warp and begin reading...
 19714 | Lair:5   | You add the spells Dispersal and Disjunction to your
                  | library.
 19906 | Lair:5   | You pick up a book of Touch and begin reading...
 19906 | Lair:5   | You add the spells Static Discharge and Dispel Undead to
                  | your library.
 20370 | Lair:6   | Entered Level 6 of the Lair of Beasts
 20764 | Lair:6   | Reached XP level 14. HP: 121/129 MP: 13/13
 20794 | Lair:6   | Reached skill level 12 in Dodging
 21187 | Lair:6   | Reached skill level 11 in Shields
 21506 | Lair:6   | You pick up a book of Armaments and begin reading...
 21506 | Lair:6   | You add the spells Stone Arrow, Animate Armour and
                  | Lehudib's Crystal Spear to your library.
 21631 | Lair:6   | HP: 30/130 [acid (9)]
 22438 | Lair:6   | You pick up a book of Alchemy and begin reading...
 22438 | Lair:6   | You add the spells Sublimation of Blood and Irradiate to
                  | your library.
 22440 | Lair:6   | You pick up a book of Blood and begin reading...
 22664 | Slime:1  | Entered Level 1 of the Pits of Slime
 23190 | Orc:1    | Entered Level 1 of the Orcish Mines
 23200 | D:10     | Reached skill level 14 in Fighting
 23333 | Orc:2    | Entered Level 2 of the Orcish Mines
 23416 | Orc:2    | HP: 27/132 [warg[an orc knight] (12)]
 23938 | Orc:2    | Found a staircase to the Elven Halls.
 23960 | Orc:2    | Found Icwubium's Assorted Antiques.
 24010 | Orc:2    | Reached skill level 9 in Throwing
 24056 | Orc:2    | Reached skill level 14 in Armour
 24174 | Orc:2    | Reached ****** piety under Wu Jian
 24188 | Orc:2    | Found Juqitueh's Antique Armour Boutique.
 24204 | Orc:2    | Noticed an orc warlord
 24257 | Orc:2    | Killed an orc warlord
 24259 | Orc:2    | HP: 30/132 [orc warrior/+2 hand axe of freezing[an orc
                  | warlord] (11)]
 24265 | Orc:2    | HP: 3/132 [orc warrior/+0 vorpal trident[an orc warlord]
                  | (14)]
 24265 | Orc:2    | Slain by an orc warrior

Vanquished Creatures
  An orc warlord (Orc:2)
  10 hydras
  3 boulder beetles
  3 two-headed ogres
  A fire crab (Lair:4)
  2 goliath frogs (Lair:6)
  3 orc knights
  A cyclops (D:11)
  A shining eye (Lair:5)
  A centaur zombie (D:11)
  An orc sorcerer (Bailey)
  8 elephants (Lair:4)
  A merfolk siren (Lair:3)
  Joseph (Lair:1)
  3 black mambas
  A gargoyle (D:12)
  An unseen horror (D:8)
  4 rime drakes
  22 cane toads
  5 komodo dragons
  3 kobold demonologists (D:10)
  A hornet (D:7)
  3 merfolk (Lair:3)
  3 polar bears
  3 tyrant leeches (Lair:6)
  8 slime creatures (Lair:5)
  4 dream sheep (Lair:4)
  23 blink frogs
  A meliai zombie (D:11)
  A jumping spider (Spider:1)
  A centaur simulacrum (D:12)
  A culicivora (Lair:2)
  4 wyverns
  Sigmund (D:2)
  54 yaks
  Eustachio (D:4)
  2 redbacks (Lair:2)
  5 vampire mosquitoes (Lair:6)
  5 basilisks
  Menkaure (D:6)
  Edmund (D:5)
  4 wargs
  14 water moccasins
  A black bear (D:6)
  An ice beast (D:6)
  A sky beast (D:6)
  16 orc warriors
  An ogre (shapeshifter) (D:9)
  23 wolves
  2 centaurs
  5 ogres
  18 bullfrogs
  6 scorpions
  A wyvern skeleton (D:7)
  A water moccasin skeleton (D:6)
  13 wights
  4 howler monkeys
  9 orc priests
  A bullfrog skeleton (D:6)
  2 jellies
  4 centaur skeletons
  A hound (D:5)
  2 gnoll shamans
  4 iguanas
  10 orc wizards
  23 gnolls
  6 adders
  2 white imps (D:6)
  2 ufetubi
  32 orcs
  3 ball pythons
  2 endoplasms (D:3)
  A giant cockroach (D:2)
  10 hobgoblins
  7 kobolds
  8 quokkas
  A bat (D:1)
  11 frilled lizards
  10 goblins
  9 rats
  2 butterflies (Lair:3)
472 creatures vanquished.

Vanquished Creatures (collateral kills)
  Maggie (D:10)
  A yak (D:10)
  A gnoll sergeant (D:10)
  2 gnolls (D:10)
5 creatures vanquished.

Vanquished Creatures (others)
  A gnoll (D:10)
  A bush (Lair:6)
  2 demonic plants (D:1)
  31 fungi
  103 plants
  A withered plant (D:1)
139 creatures vanquished.

Grand Total: 616 creatures vanquished

Table legend:
 A = Non-vault XP
 B = Vault XP
 C = Vault XP percentage of total XP
 D = Non-vault monster count
 E = Vault monster count
 F = Vault count percentage of total count
                 A         B        C        D         E       F
            +---------+---------+-------+---------+---------+-------
      Total |   64844 |   19246 |  22.9 |     377 |      99 |  20.8
            +---------+---------+-------+---------+---------+-------
        D:1 |      65 |       0 |   0.0 |      19 |       0 |   0.0
        D:2 |      26 |     228 |  89.8 |      14 |       9 |  39.1
        D:3 |     212 |       0 |   0.0 |      15 |       0 |   0.0
        D:4 |     428 |     196 |  31.4 |      15 |       1 |   6.2
        D:5 |     450 |     162 |  26.5 |      13 |       1 |   7.1
        D:6 |     885 |     637 |  41.9 |      15 |       6 |  28.6
        D:7 |     944 |       0 |   0.0 |       9 |       0 |   0.0
        D:8 |     882 |       0 |   0.0 |       8 |       0 |   0.0
        D:9 |    2386 |      12 |   0.5 |      28 |       5 |  15.2
       D:10 |    3843 |     395 |   9.3 |      29 |       1 |   3.3
       D:11 |    4188 |       0 |   0.0 |      12 |       0 |   0.0
       D:12 |     397 |     235 |  37.2 |       1 |       1 |  50.0
     Lair:1 |    4854 |     455 |   8.6 |      17 |       1 |   5.6
     Lair:2 |    6965 |     181 |   2.5 |      33 |       1 |   2.9
     Lair:3 |    6276 |    2765 |  30.6 |      26 |      12 |  31.6
     Lair:4 |   12153 |       0 |   0.0 |      34 |       0 |   0.0
     Lair:5 |    8334 |    1055 |  11.2 |      21 |       4 |  16.0
     Lair:6 |    6150 |   10531 |  63.1 |      25 |      37 |  59.7
   Spider:1 |    1093 |       0 |   0.0 |       2 |       0 |   0.0
      Orc:1 |    1431 |       0 |   0.0 |      10 |       0 |   0.0
      Orc:2 |    2882 |     270 |   8.6 |      31 |       2 |   6.1
     Bailey |       0 |    2124 | 100.0 |       0 |      18 | 100.0
            +---------+---------+-------+---------+---------+-------

Illustrated notes

Table legend:
 A = Kills in this place as a percentage of kills in entire the game.
 B = Kills by you in this place as a percentage of kills by you in the entire game.
 C = Kills by friends in this place as a percentage of kills by friends in the entire game.
 D = Other kills in this place as a percentage of other kills in the entire game.
 E = Experience gained in this place as a percentage of experience gained in the entire game.
 F = Experience gained in this place divided by the number of levels of this place that you have seen.
                   A       B       C       D       E      F
               +-------+-------+-------+-------+-------+----------------------
         Total | 100.0 | 100.0 | 100.0 | 100.0 | 100.0 | 3503.8
       Dungeon |  42.4 |  41.7 | 100.0 | 100.0 |  19.7 | 1380.9
          Lair |  44.3 |  44.9 |   0.0 |   0.0 |  71.0 | 9953.2
   Spider Nest |   0.4 |   0.4 |   0.0 |   0.0 |   1.3 | 1093.0
  Orcish Mines |   9.0 |   9.1 |   0.0 |   0.0 |   5.5 | 2291.5
        Bailey |   3.8 |   3.8 |   0.0 |   0.0 |   2.5 | 2124.0
               +-------+-------+-------+-------+-------+----------------------

Table legend: (Time is in decaauts)
 A = Elapsed time spent in this place.
 B = Non-inter-level travel time spent in this place.
 C = Inter-level travel time spent in this place.
 D = Time resting spent in this place.
 E = Time spent auto-exploring this place.
 F = Levels seen in this place.
 G = Mean time per level.
                   A        B        C        D        E       F      G
               +--------+--------+--------+--------+--------+-----+--------+
         Total |  24085 |  23270 |    815 |   6086 |   7520 |  24 | 1003.5 |
       Dungeon |  10722 |  10420 |    302 |    990 |   5059 |  12 |  893.5 |
        Temple |    162 |    161 |      1 |     59 |      0 |   1 |  162.0 |
          Lair |  11435 |  10926 |    509 |   4273 |   2384 |   6 | 1905.8 |
   Spider Nest |    288 |    288 |      0 |    192 |      0 |   1 |  288.0 |
    Slime Pits |     88 |     88 |      0 |     22 |      0 |   1 |   88.0 |
  Orcish Mines |   1010 |   1010 |      0 |    440 |     77 |   2 |  505.0 |
        Bailey |    378 |    378 |      0 |    110 |      0 |   1 |  378.0 |
               +--------+--------+--------+--------+--------+-----+--------+

Top non-repeatable levels by time:
  Lair:2: 2529 daAuts
  Lair:6: 2219 daAuts
  Lair:4: 1952 daAuts
  Lair:5: 1803 daAuts
  Lair:3: 1694 daAuts
     D:1: 1270 daAuts
  Lair:1: 1236 daAuts
    D:10: 1164 daAuts
     D:4: 1107 daAuts
    D:11: 1054 daAuts
     D:3: 1034 daAuts
     D:9: 972 daAuts
     D:5: 955 daAuts
     D:6: 906 daAuts
     D:8: 812 daAuts
